 Dungeon Crawl Stone Soup version 0.27-a0-1525-g1038ab4fd7 (webtiles) character file.

Game seed: 15538524401240103866

67 ipx the Chiller (level 4, -5/30 HPs)
             Began as a Vampire Ice Elementalist on July 10, 2021.
             Killed from afar by a white imp (10 damage)
             ... with a puff of frost
             ... on level 3 of the Dungeon.
             The game lasted 00:14:42 (666 turns).

ipx the Chiller (Vampire Ice Elementalist)           Turns: 666, Time: 00:14:42

Health: -5/30      AC:  5    Str:  7    XL:     4   Next: 0%
Magic:  2/7        EV: 10    Int: 18    God:
Gold:   7          SH:  0    Dex: 14    Spells: 3/7 levels left

rFire    . . .     SeeInvis +   a - +1 war axe (elec)
rCold    . . .     Faith    .   (no shield)
rNeg     . . .     Spirit   .   d - +0 ring mail
rPois    .         Reflect  .   (no helmet)
rElec    .         Harm     .   (no cloak)
rCorr    .         Rampage  .   (no gloves)
Will     .....                  (no boots)
Stlth    ++........             (no amulet)
HPRegen  0.30/turn              (no ring)
MPRegen  0.10/turn              (no ring)

@: healing quickly
A: alive, fangs 3, see invisible, vampiric 2
a: Exsanguinate


You were on level 3 of the Dungeon.
You visited 1 branch of the dungeon, and saw 3 of its levels.

You collected 7 gold pieces.

Inventory:

Hand Weapons
 a - a +1 war axe of electrocution (weapon)
Missiles
 g - 5 javelins
Armour
 d - a +0 ring mail (worn)
Scrolls
 c - a scroll of brand weapon {unknown}
 e - 4 scrolls of immolation {unknown}
 f - 3 scrolls of identify {unknown}
Potions
 b - a potion of flight {unknown}


   Skills:
 - Level 2.8 Dodging
 - Level 3.0 Stealth
 - Level 2.0 Spellcasting
 + Level 5.3 Ice Magic


You had 3 spell levels left.
You knew the following spells:

 Your Spells              Type           Power      Damage    Failure   Level
a - Frozen Ramparts       Ice            42%        1d6       22%         3
z - Freeze                Ice            84%        1d10      7%          1

Your spell library contained the following spells:

 Spells                   Type           Power      Damage    Failure   Level
 Ozocubu's Armour         Ice            21%        N/A       22%         3
 Hailstorm                Conj/Ice       11%        3d5       91%         4
 Animate Armour           Summ/Erth      2%         N/A       99%         4
 Blade Hands              Tmut           0%         N/A       100%        5
 Iron Shot                Conj/Erth      0%         9d1       100%        6


Dungeon Overview and Level Annotations

Branches:
Dungeon (3/15)

Altars:
Trog

Annotations:
D:3 3 runed translucent doors, Sassenached's ghost, amateur HuWn; qborf's ghost, amateur DsCj; totalnoob's ghost, weakling OpTm


Innate Abilities, Weirdness & Mutations

Your natural rate of healing is accelerated.
You have razor-sharp teeth.
You have supernaturally acute eyesight. (SInv)
You are afflicted with vampirism and can become a bat while bloodless.


Message History

The adder bites you but does no damage. The white imp barely misses you.
You barely miss the white imp. You barely miss the adder. The adder misses you.
The white imp hits you but does no damage.
The adder bites you but does no damage.
You closely miss the white imp. You bite the white imp.
The white imp is moderately wounded.
You hit the adder. The white imp barely misses you.
The adder bites you but does no damage. The white imp closely misses you.
Okay, then.
Unknown command.
Casting: Freeze (safe; 8% risk of failure)
Confirm with . or Enter, or press ? or * to list all spells.
Aiming: Freeze (safe; 8% risk of failure)
Press: ? - help, Shift-Dir - straight line, f/p - adder
Aim: an adder (heavily wounded)
You freeze the adder!
You kill the adder!
The white imp hits you.
* * * LOW HITPOINT WARNING * * *
The white imp freezes you.
* * * LOW HITPOINT WARNING * * *
You have reached level 4!
Okay, then.
Unknown command.
Unknown command.
Press: ? - help, v - describe, . - travel
Here: a white imp (lightly wounded)
The floor.
Unknown command.
Unknown command.
Unknown command.
Unknown command.
Unknown command.
Press: ? - help, v - describe, . - travel The floor, spattered with blood.
You barely miss the white imp. Your bite misses the white imp.
The white imp is lightly wounded.
The white imp gestures at you. The puff of frost hits you!
You die...

#.....###'## ###+#####.....#....#
#.............#....#
#.............#....#
#.............#....#
#........####.#....######
#........# #.#.........#
#........# #.#...).###.#
#.....>.@# #.#.......# #
#.......†5..#.#####.#.#.#
#......$....#.......#'#.#
#######.....######......#
#.....##..........#
############.....##.###......# .
#....##...#########..........# .#
#.....#.#.#########........>.#
..##...<'._..........#......)....


You could see a white imp.

Vanquished Creatures
  2 adders
  4 worms (D:2)
  A bat (D:2)
  3 endoplasms
  3 giant cockroaches
  5 hobgoblins
  4 jackals (D:2)
  7 ball pythons
  A frilled lizard (D:2)
  A goblin (D:3)
  2 kobolds
  4 rats
37 creatures vanquished.

Vanquished Creatures (others)
  2 withered plants (D:3)
2 creatures vanquished.

Grand Total: 39 creatures vanquished

Notes
Turn   | Place    | Note
-------+----------+-------------------------------------------
     0 | D:1      | ipx the Vampire Ice Elementalist began the quest for the
                  | Orb.
     0 | D:1      | Reached XP level 1. HP: 13/13 MP: 3/3
    42 | D:1      | Found Setzasux's Magic Scroll Shoppe.
   177 | D:1      | Reached XP level 2. HP: 13/19 MP: 1/5
   387 | D:2      | Gained mutation: You are afflicted with vampirism and can
                  | become a bat while bloodless. [Vampire growth]
   387 | D:2      | Reached XP level 3. HP: 16/24 MP: 0/6
   445 | D:2      | Learned a level 3 spell: Frozen Ramparts
   513 | D:2      | Reached skill level 5 in Ice Magic
   563 | D:3      | Found a bloodstained altar of Trog.
   564 | D:3      | Found a runed translucent gate.
   570 | D:3      | Found a runed translucent gate.
   570 | D:3      | Found a runed translucent gate.
   571 | D:3      | Noticed qborf's ghost (amateur DsCj)
   571 | D:3      | Noticed Sassenached's ghost (amateur HuWn)
   571 | D:3      | Noticed totalnoob's ghost (weakling OpTm)
   666 | D:3      | Reached XP level 4. HP: 5/30 MP: 2/7
   666 | D:3      | Killed from afar by a white imp

Illustrated notes

Levels and vault maps discovered:
D:1:      erik_arrival_blinker_ship, layout_loops_ring, serial_shops, shop
D:2:      layout_rooms, minmay_rat_gold_closets
D:3:      layout_basic, lemuel_crystal_altar, gammafunk_ghost_cemetery,
          kennysheep_nondescript, grunt_ministairs_11

Skill      XL: |  1  2  3 |
---------------+----------+-----
Ice Magic      | 5 |  5.3
Dodging        | |  2.8
Stealth        | |  3.0
Spellcasting   | |  2.0

Action                   |  1- 3 |  4- 6 || total
-------------------------+-------+-------++-------
Melee: Unarmed           |    50 |       ||    50
       Bite              |     8 |       ||     8
       War axe           |    28 |     1 ||    29
 Cast: Freeze            |    46 |       ||    46
  Use: Scroll            |     1 |       ||     1
       Potion            |     1 |       ||     1
 Stab: Sleeping          |     1 |       ||     1
Armor: Ring mail         |    53 |       ||    53
Dodge: Dodged            |    67 |       ||    67

Table legend: (Time is in decaauts)
 A = Elapsed time spent in this place.
 B = Non-inter-level travel time spent in this place.
 C = Inter-level travel time spent in this place.
 D = Time resting spent in this place.
 E = Time spent auto-exploring this place.
 F = Levels seen in this place.
 G = Mean time per level.
                   A        B        C        D        E       F      G
               +--------+--------+--------+--------+--------+-----+--------+
         Total |    707 |    707 |      0 |      0 |      0 |   3 |  235.7 |
       Dungeon |    707 |    707 |      0 |      0 |      0 |   3 |  235.7 |
               +--------+--------+--------+--------+--------+-----+--------+

Top non-repeatable levels by time:
     D:2: 373 daAuts
     D:1: 226 daAuts
     D:3: 107 daAuts
